PUBAA
RED BANK CLERKS @ ST. CLOUD ROX
04/19/1972
 
TOP OF THE 1ST
Red Bank Clerks batting - Pitching for St. Cloud Rox : RHP Craig Donahue
Pitching: RHP Craig Donahue
Batting: LHB Gerardo Rivera 0-0: Ball
1-0: Foul Ball, location: 2F
1-1: Foul Ball, location: 2F
1-2: Foul Ball, location: 2F
1-2: SINGLE (Line Drive, 8RS, EV 95.0 MPH)
Batting: LHB Orlando Castro 0-0: Swinging Strike
0-1: Ball
1-1: Ball
Gerardo Rivera steals 2nd base
2-1: Ball
3-1: Foul Ball, location: 5DF
3-2: SINGLE (Flyball, 3D, EV 82.5 MPH)
Gerardo Rivera to third
Batting: LHB Howard Boyd 0-0: Called Strike
0-1: Ball
1-1: Swinging Strike
1-2: Ball
2-2: Ball
3-2: Base on Balls
Orlando Castro to second
Batting: LHB Scott Davis 0-0: Swinging Strike
0-1: Called Strike
0-2: Ball
1-2: Ball
2-2: Ball
3-2: Foul Ball, location: 23FF
3-2: Base on Balls
Gerardo Rivera scores
Orlando Castro to third
Howard Boyd to second
Batting: LHB Sugiarto Paramita 0-0: Foul Ball, location: 3F
0-1: Ball
1-1: Foul Ball, location: 7LMF
1-2: Strikes out looking
Batting: SHB Ed Gentle 0-0: Foul Ball, location: 2F
0-1: Ball
1-1: Swinging Strike
1-2: Ball
2-2: Foul Ball, location: 2F
2-2: Foul Ball, location: 5FF
2-2: Foul Ball, location: 2F
2-2: SINGLE (Line Drive, 56D, EV 95.6 MPH)
Orlando Castro scores
Howard Boyd to third
Scott Davis to second
Batting: RHB John E Kennedy 0-0: Foul Ball, location: 3DF
0-1: Ball
1-1: Ball
2-1: Ground out 5-3 (Groundball, 56S, EV 72.5 MPH)
Howard Boyd scores
Scott Davis to third
Ed Gentle to second
Batting: RHB Russell Martin 0-0: Swinging Strike
0-1: Ball
1-1: Ball
2-1: Ball
3-1: Base on Balls
Batting: RHB Joe Mitchell 0-0: Ball
1-0: Foul Ball, location: 2F
1-1: Foul Ball, location: 2F
1-2: Ball
2-2: Fly out, F9 (Flyball, 9D, EV 103.1 MPH)
Top of the 1st over - 3 runs, 3 hits, 0 errors, 3 left on base; Red Bank 3 - St. Cloud 0
BOTTOM OF THE 1ST
St. Cloud Rox batting - Pitching for Red Bank Clerks : RHP Edward Arnasson
Pitching: RHP Edward Arnasson
Batting: RHB Esteban Mendoza 0-0: Fly out, F5 (Popup, 5, EV 61.3 MPH)
Batting: RHB Fred Stanley 0-0: Foul Ball, location: 9LDF
0-1: Ball
1-1: Ball
2-1: Ball
3-1: SOLO HOME RUN (Flyball, 78XD, EV 110.6 MPH), Distance : 427 ft
Batting: LHB Scott Trent 0-0: Called Strike
0-1: Called Strike
0-2: Ball
1-2: Foul Ball, location: 2F
1-2: Foul Ball, location: 2F
1-2: Foul Ball, location: 2LF
1-2: Ball
2-2: Foul Ball, location: 5SF
2-2: Ball
3-2: Base on Balls
Batting: RHB Michael Martin 0-0: Ball
1-0: Fly out, F7 (Flyball, 78S, EV 80.0 MPH)
Batting: RHB Matt Reece 0-0: Ball
1-0: Called Strike
1-1: Swinging Strike
1-2: Foul Ball, location: 2LF
1-2: Ball
2-2: Hit by Pitch
Scott Trent to second
Batting: LHB Ryan Howell 0-0: Ball
1-0: DOUBLE (Groundball, 5L, EV 107.5 MPH)
Scott Trent scores
Matt Reece to third
Runner from 3rd tries for Home, SAFE, no throw by LF
Batting: RHB António García 0-0: Ball
1-0: Ground out 6-3 (Groundball, 6, EV 85.6 MPH)
Bottom of the 1st over - 3 runs, 2 hits, 0 errors, 1 left on base; Red Bank 3 - St. Cloud 3
TOP OF THE 2ND
Red Bank Clerks batting - Pitching for St. Cloud Rox : RHP Craig Donahue
Batting: LHB Gerardo Rivera 0-0: Called Strike
0-1: SINGLE (Line Drive, 9S, EV 96.9 MPH)
Batting: LHB Orlando Castro 0-0: Called Strike
0-1: Foul Ball, location: 5F
0-2: Ball
1-2: Ball
2-2: Strikes out swinging
Batting: LHB Howard Boyd 0-0: Ball
Gerardo Rivera steals 2nd base
1-0: Ball
2-0: Foul Ball, location: 3FF
2-1: Foul Ball, location: 2F
Balk!
Gerardo Rivera to third
2-2: Foul Ball, location: 3DF
2-2: Ball
3-2: Foul Ball, location: 3FF
3-2: Fly out, F9 (Flyball, 9, EV 94.4 MPH)
Runner from 3rd tags up, SCORES, no throw by RF
Batting: LHB Scott Davis 0-0: Foul Ball, location: 3F
0-1: SINGLE (Flyball, 56D, EV 92.5 MPH)
Batting: LHB Sugiarto Paramita 0-0: Ball
1-0: Called Strike
1-1: Ball
2-1: SINGLE (Line Drive, 89S, EV 103.1 MPH)
Scott Davis to second
Batting: SHB Ed Gentle 0-0: Fielders Choice at 2nd, 6-4 (Groundball, 6, EV 85.6 MPH)
Top of the 2nd over - 1 run, 3 hits, 0 errors, 2 left on base; Red Bank 4 - St. Cloud 3
BOTTOM OF THE 2ND
St. Cloud Rox batting - Pitching for Red Bank Clerks : RHP Edward Arnasson
Batting: RHB Don Stokes 0-0: Ball
1-0: Called Strike
1-1: Foul Ball, location: 2F
1-2: SINGLE (Flyball, 3D, EV 84.4 MPH)
Batting: LHB Kevin Collins 0-0: Bunted foul
0-1: Bunted foul
0-2: Foul Ball, location: 2F
0-2: Ball
1-2: Strikes out swinging
Batting: RHB Esteban Mendoza 0-0: Foul Ball, location: 2F
0-1: Foul Ball, location: 2LF
0-2: Ball
1-2: Ball
2-2: Ball
3-2: Foul Ball, location: 2F
3-2: Base on Balls
Don Stokes to second
Batting: RHB Fred Stanley 0-0: Ball
1-0: Ball
2-0: Foul Ball, location: 7LMF
2-1: Swinging Strike
2-2: Foul Ball, location: 3DF
2-2: Strikes out looking
Batting: LHB Scott Trent 0-0: Fly out, F7 (Flyball, 7S, EV 90.0 MPH)
Bottom of the 2nd over - 0 runs, 1 hit, 0 errors, 2 left on base; Red Bank 4 - St. Cloud 3
TOP OF THE 3RD
Red Bank Clerks batting - Pitching for St. Cloud Rox : RHP Craig Donahue
Batting: RHB John E Kennedy 0-0: Called Strike
0-1: Called Strike
0-2: Foul Ball, location: 2F
0-2: Ground out 6-3 (Groundball, 6, EV 87.5 MPH)
Batting: RHB Russell Martin 0-0: Ball
1-0: Foul Ball, location: 9LDF
1-1: Ball
2-1: Fly out, F3 (Popup, 3SF, EV 85.6 MPH)
Batting: RHB Joe Mitchell 0-0: Ball
1-0: Ball
2-0: Ball
3-0: Base on Balls
Batting: LHB Gerardo Rivera 0-0: Ball
Joe Mitchell is caught stealing 2nd base 2-6
Top of the 3rd over - 0 runs, 0 hits, 0 errors, 0 left on base; Red Bank 4 - St. Cloud 3
BOTTOM OF THE 3RD
St. Cloud Rox batting - Pitching for Red Bank Clerks : RHP Edward Arnasson
Batting: RHB Michael Martin 0-0: Ball
1-0: Called Strike
1-1: Ground out 6-3 (Groundball, 6S, EV 85.0 MPH)
Batting: RHB Matt Reece 0-0: Ball
1-0: Foul Ball, location: 9LDF
1-1: Called Strike
1-2: Foul Ball, location: 23F
1-2: Ball
2-2: Foul Ball, location: 3SF
2-2: Reached on error, E3 (Groundball, 3, EV 78.1 MPH)
Pitching: RHP Edgardo Cabañas
Batting: LHB Ryan Howell 0-0: Swinging Strike
0-1: Called Strike
0-2: Ball
1-2: 2-RUN HOME RUN (Flyball, 9LD, EV 94.4 MPH), Distance : 349 ft
Batting: RHB António García 0-0: Ball
1-0: Swinging Strike
1-1: Ball
2-1: Called Strike
2-2: Ball
3-2: Ground out U3 (Groundball, 3, EV 81.3 MPH)
Batting: RHB Don Stokes 0-0: Called Strike
0-1: Foul Ball, location: 9LDF
0-2: Fly out, F7 (Line Drive, 7S, EV 99.4 MPH)
Bottom of the 3rd over - 2 runs, 1 hit, 1 error, 0 left on base; Red Bank 4 - St. Cloud 5
TOP OF THE 4TH
Red Bank Clerks batting - Pitching for St. Cloud Rox : RHP Craig Donahue
Batting: LHB Gerardo Rivera 0-0: Ball
1-0: Ball
2-0: Fly out, F9 (Flyball, 9D, EV 98.1 MPH)
Batting: LHB Orlando Castro 0-0: Called Strike
0-1: Foul Ball, location: 25F
0-2: Ball
1-2: Strikes out looking
Batting: LHB Howard Boyd 0-0: Ball
1-0: Ball
2-0: Foul Ball, location: 2LF
2-1: Ball
3-1: Swinging Strike
3-2: Fly out, F7 (Flyball, 7LS, EV 85.6 MPH)
Top of the 4th over - 0 runs, 0 hits, 0 errors, 0 left on base; Red Bank 4 - St. Cloud 5
BOTTOM OF THE 4TH
St. Cloud Rox batting - Pitching for Red Bank Clerks : RHP Edgardo Cabañas
Batting: LHB Kevin Collins 0-0: Called Strike
0-1: Swinging Strike
0-2: Ball
1-2: Ball
2-2: Ball
3-2: Base on Balls
Batting: RHB Esteban Mendoza 0-0: Sac Bunt to 25 - play at first, batter OUT! 5-3
Kevin Collins to second
Batting: RHB Fred Stanley 0-0: Foul Ball, location: 7LMF
0-1: Ball
1-1: Fly out, F8 (Flyball, 8RM, EV 97.5 MPH)
Batting: LHB Scott Trent 0-0: Foul Ball, location: 2F
0-1: SINGLE (Line Drive, 7S, EV 101.9 MPH)
Kevin Collins to third
Runner from 3rd tries for Home, SAFE, throw by LF to home
Batting: RHB Michael Martin 0-0: Called Strike
0-1: Ball
1-1: Ball
2-1: Foul Ball, location: 9LDF
2-2: Foul Ball, location: 2F
2-2: Ball
3-2: Fly out, F7 (Line Drive, 78S, EV 90.0 MPH)
Bottom of the 4th over - 1 run, 1 hit, 0 errors, 1 left on base; Red Bank 4 - St. Cloud 6
TOP OF THE 5TH
Red Bank Clerks batting - Pitching for St. Cloud Rox : RHP Craig Donahue
Batting: LHB Scott Davis 0-0: SINGLE (Line Drive, 7S, EV 102.5 MPH)
Batting: LHB Sugiarto Paramita 0-0: Grounds into double play, 4-6-3 (Groundball, 4, EV 85.6 MPH)
Batting: SHB Ed Gentle 0-0: Foul Ball, location: 5FF
0-1: Ball
1-1: Hit by Pitch
Batting: RHB John E Kennedy 0-0: Ball
1-0: Foul Ball, location: 5DF
1-1: Fielders Choice at 2nd, 6-4 (Groundball, 6, EV 83.1 MPH)
Top of the 5th over - 0 runs, 1 hit, 0 errors, 1 left on base; Red Bank 4 - St. Cloud 6
BOTTOM OF THE 5TH
St. Cloud Rox batting - Pitching for Red Bank Clerks : RHP Edgardo Cabañas
Batting: RHB Matt Reece 0-0: Foul Ball, location: 23FF
0-1: Called Strike
0-2: Foul Ball, location: 2F
0-2: Foul Ball, location: 9LSF
0-2: Ball
1-2: Ball
2-2: Ground out 5-3 (Groundball, 5, EV 103.1 MPH)
Batting: LHB Ryan Howell 0-0: Called Strike
0-1: SINGLE (Line Drive, 6MD, EV 100.6 MPH)
Batting: RHB António García 0-0: Foul Ball, location: 2F
0-1: SINGLE (Line Drive, 7S, EV 97.5 MPH)
Ryan Howell to second
Batting: RHB Don Stokes 0-0: Swinging Strike
0-1: Grounds into double play, 6-4-3 (Groundball, 6, EV 87.5 MPH)
Bottom of the 5th over - 0 runs, 2 hits, 0 errors, 1 left on base; Red Bank 4 - St. Cloud 6
TOP OF THE 6TH
Red Bank Clerks batting - Pitching for St. Cloud Rox : RHP Craig Donahue
Pitching: LHP Henry Shaw
Batting: RHB Russell Martin 0-0: Ball
1-0: Called Strike
1-1: Swinging Strike
1-2: Fly out, F7 (Flyball, 7D, EV 82.5 MPH)
Batting: RHB Joe Mitchell 0-0: Called Strike
0-1: Ball
1-1: Called Strike
1-2: Strikes out swinging
Pinch Hitting: RHB Tony Green 0-0: Ball
1-0: Ball
2-0: Ball
3-0: Base on Balls
Batting: RHB Coco Laboy 0-0: Called Strike
0-1: Foul Ball, location: 3FF
0-2: Ball
1-2: Strikes out swinging
Top of the 6th over - 0 runs, 0 hits, 0 errors, 1 left on base; Red Bank 4 - St. Cloud 6
BOTTOM OF THE 6TH
St. Cloud Rox batting - Pitching for Red Bank Clerks : RHP Edgardo Cabañas
Now in LF: Billy Conigliaro
Now in CF: Scott Davis
Batting: LHB Kevin Collins 0-0: Ground out 6-3 (Groundball, 6, EV 101.9 MPH)
Batting: RHB Esteban Mendoza 0-0: Ball
1-0: Ball
2-0: Ball
3-0: Base on Balls
Batting: RHB Fred Stanley 0-0: Called Strike
Esteban Mendoza is caught stealing 2nd base 2-4
0-1: Foul Ball, location: 9LMF
0-2: Ball
1-2: Foul Ball, location: 5F
1-2: Foul Ball, location: 5F
1-2: Ball
2-2: Foul Ball, location: 2F
2-2: Strikes out looking
Bottom of the 6th over - 0 runs, 0 hits, 0 errors, 0 left on base; Red Bank 4 - St. Cloud 6
TOP OF THE 7TH
Red Bank Clerks batting - Pitching for St. Cloud Rox : LHP Henry Shaw
Batting: LHB Howard Boyd 0-0: Swinging Strike
0-1: Ball
1-1: Foul Ball, location: 3F
1-2: Ball
2-2: Ball
3-2: Fly out, F8 (Flyball, 8RD, EV 93.1 MPH)
Batting: LHB Scott Davis 0-0: Ball
1-0: Swinging Strike
1-1: Fly out, F9 (Flyball, 89S, EV 91.3 MPH)
Batting: LHB Sugiarto Paramita 0-0: Foul Ball, location: 3FF
0-1: Called Strike
0-2: SINGLE (Groundball, 4MD, EV 106.3 MPH)
Batting: SHB Ed Gentle 0-0: Ball
1-0: Ground out 5-3 (Groundball, 56S, EV 87.5 MPH)
Top of the 7th over - 0 runs, 1 hit, 0 errors, 1 left on base; Red Bank 4 - St. Cloud 6
BOTTOM OF THE 7TH
St. Cloud Rox batting - Pitching for Red Bank Clerks : RHP Edgardo Cabañas
Batting: LHB Scott Trent 0-0: Ball
1-0: Ground out 2-3 (Groundball, 13S, EV 69.4 MPH)
Batting: RHB Michael Martin 0-0: Ball
1-0: Ground out 6-3 (Groundball, 6D, EV 106.3 MPH)
Batting: RHB Matt Reece 0-0: Called Strike
0-1: Ground out 6-3 (Groundball, 6S, EV 89.4 MPH)
Bottom of the 7th over - 0 runs, 0 hits, 0 errors, 0 left on base; Red Bank 4 - St. Cloud 6
TOP OF THE 8TH
Red Bank Clerks batting - Pitching for St. Cloud Rox : LHP Henry Shaw
Batting: RHB John E Kennedy 0-0: Fly out, F7 (Flyball, 78D, EV 103.1 MPH)
Batting: RHB Russell Martin 0-0: Foul Ball, location: 9LMF
0-1: Ball
1-1: Ball
2-1: Ball
3-1: Base on Balls
Batting: RHB Joe Mitchell 0-0: Fly out, F4 (Popup, 3D, EV 61.3 MPH)
Batting: RHB Billy Conigliaro 0-0: Called Strike
0-1: Ball
1-1: Swinging Strike
1-2: Strikes out swinging
Top of the 8th over - 0 runs, 0 hits, 0 errors, 1 left on base; Red Bank 4 - St. Cloud 6
BOTTOM OF THE 8TH
St. Cloud Rox batting - Pitching for Red Bank Clerks : RHP Edgardo Cabañas
Pitching: LHP Ángel Espinoza
Batting: LHB Ryan Howell 0-0: Called Strike
0-1: Ball
1-1: Ball
2-1: Foul Ball, location: 2F
2-2: Foul Ball, location: 9LSF
2-2: Foul Ball, location: 2F
2-2: Strikes out swinging
Batting: RHB António García 0-0: Called Strike
0-1: Foul Ball, location: 7LSF
0-2: Strikes out swinging
Batting: RHB Don Stokes 0-0: Ball
1-0: Fly out, F8 (Flyball, 8RXD, EV 90.6 MPH)
Bottom of the 8th over - 0 runs, 0 hits, 0 errors, 0 left on base; Red Bank 4 - St. Cloud 6
TOP OF THE 9TH
Red Bank Clerks batting - Pitching for St. Cloud Rox : LHP Henry Shaw
Pitching: RHP John Wagner
Now at C: António Torres
Now at 2B: Dan Floyd
Batting: RHB Coco Laboy 0-0: Ball
1-0: Called Strike
1-1: SINGLE (Groundball, 6MD, EV 96.9 MPH)
Batting: LHB Howard Boyd 0-0: Ball
1-0: Ball
2-0: Fielders Choice at 2nd, 3-6 (Groundball, 3, EV 106.9 MPH)
Batting: LHB Scott Davis 0-0: Ball
1-0: Foul Ball, location: 2F
1-1: Foul Ball, location: 9LMFF
1-2: Foul Ball, location: 3FF
1-2: Ball
2-2: Foul Ball, location: 3FF
2-2: Foul Ball, location: 2F
2-2: Fly out, F9 (Flyball, 9S, EV 93.8 MPH)
Batting: LHB Sugiarto Paramita 0-0: Ball
1-0: Ball
2-0: Foul Ball, location: 3DF
2-1: Swinging Strike
2-2: Strikes out swinging
Top of the 9th over - 0 runs, 1 hit, 0 errors, 1 left on base; Red Bank 4 - St. Cloud 6
Wednesday, February 28th , 2024 - OOTP Baseball 24.8 Build 75